 Dungeon Crawl Stone Soup version 0.29-a0-919-gd064cfad1c (webtiles) character file.

Game seed: 841405780490463865

26 IdlyInterested the Gusty (level 2, -2/21 HPs)
             Began as a Demonspawn Wanderer on July 26, 2022.
             Slain by a gnoll
             ... wielding a +0 whip
              (3 damage)
             ... on level 2 of the Dungeon.
             The game lasted 00:04:06 (680 turns).

IdlyInterested the Gusty (Demonspawn Wanderer)       Turns: 680, Time: 00:04:07

Health: -2/21      AC:  6    Str: 13    XL:     2   Next: 89%
Magic:  0/3        EV: 11    Int: 12    God:
Gold:   63         SH:  0    Dex: 12    Spells: 2/3 levels left

rFire   . . .      SeeInvis .   a - +0 spear
rCold   . . .      Faith    .   (no shield)
rNeg    . . .      Spirit   .   i - +0 ring mail
rPois   .          Reflect  .   b - +0 helmet
rElec   .          Harm     .   (no cloak)
rCorr   .          Rampage  .   (no gloves)
Will    .....                   (no boots)
Stlth   +.........              (no amulet)
HPRegen 0.07/turn               (no ring)
MPRegen 0.08/turn               (no ring)

@: no status effects
A: powered by pain 1
a: no special abilities


You were on level 2 of the Dungeon.
You visited 1 branch of the dungeon, and saw 2 of its levels.

You collected 63 gold pieces.

Inventory:

Hand Weapons
 a - a +0 spear (weapon)
Missiles
 f - 6 poisoned darts
Armour
 b - a +0 helmet (worn)
 d - a +0 leather armour
 i - a +0 ring mail (worn)
Scrolls
 c - a scroll of blinking
 e - a scroll of silence {unknown}
 g - a scroll of immolation {unknown}
Potions
 h - 2 potions of brilliance {unknown}
 j - a potion of invisibility {unknown}
 k - a potion of might {unknown}


   Skills:
 * Level 1.2 Fighting
 + Level 1.4 Polearms
 - Level 1.0 Armour
 - Level 2.6 Dodging
 - Level 1.0 Stealth
 - Level 1.0 Spellcasting
 + Level 2.9 Air Magic
 - Level 1.2 Invocations
 * Level 0.4 Evocations


You had 2 spell levels left.
You knew the following spells:

 Your Spells              Type           Power      Damage    Failure   Level
a - Shock                 Conj/Air       16%        1d4       34%         1

Your spell library contained the following spells:

 Spells                   Type           Power      Damage    Failure   Level
 Swiftness                Air            7%         N/A       52%         3
 Airstrike                Air            3%         0-2+      89%         4


Dungeon Overview and Level Annotations

Branches:
Dungeon (1/15)

Altars:


Innate Abilities, Weirdness & Mutations

You sometimes gain a little power by taking damage.


Message History

The gnoll closely misses you.
You closely miss the gnoll.
The gnoll is heavily wounded.
The gnoll closely misses you.
Your magical contamination has completely faded away.
You hit the gnoll.
The gnoll is severely wounded.
You hit the gnoll but do no damage.
The gnoll is moderately wounded.
You barely miss the gnoll.
The gnoll is moderately wounded.
The gnoll hits you with a +0 whip.
You hit the gnoll but do no damage.
The gnoll is moderately wounded.
The gnoll closely misses you.
You hit the gnoll but do no damage.
The gnoll is moderately wounded.
The gnoll hits you with a +0 whip.
* * * LOW HITPOINT WARNING * * *
Aiming: Shock (safe; 34% risk of failure)
Press: ? - help, Q - select action, (/) - cycle Shift-Dir - straight line The zap hits the gnoll.
The gnoll is heavily wounded.
The zap misses the gnoll.
The zap hits the gnoll.
The gnoll is severely wounded.
The zap hits the gnoll.
The gnoll is severely wounded.
The gnoll barely misses you.
You hit the gnoll.
The gnoll is heavily wounded.
The gnoll hits you with a +0 whip.
* * * LOW HITPOINT WARNING * * *
You closely miss the gnoll.
The gnoll is heavily wounded.
The gnoll hits you with a +0 whip.
* * * LOW HITPOINT WARNING * * *
You closely miss the gnoll.
The gnoll is heavily wounded.
The gnoll hits you with a +0 whip.
You die...

..................
..#..................
#...###............#.
.... #.##.######....
###..###.##.# ##..##
..?........# ......
##..###.####.###.#.##
#..###g.............
#..@ggg.###.#...#.##
#.#####.# ...... #
... ###..# .#g.. ...
.#.... . .# ... #..
.. ... #.. #. .###


You could see 4 gnolls.

Vanquished Creatures
  2 dart slugs (D:1)
  A ball python (D:2)
  5 bats
  4 endoplasms
  2 goblins (D:1)
  2 quokkas
  2 frilled lizards (D:1)
  3 rats
21 creatures vanquished.

Notes
Turn   | Place    | Note
-------+----------+-------------------------------------------
     0 | D:1      | IdlyInterested the Demonspawn Wanderer began the quest for
                  | the Orb.
     0 | D:1      | IdlyInterested set off with the following items: a +0
                  | spear, a +0 helmet, a scroll of blinking, a +0 leather
                  | armour; and the following spell memorised: Shock; and the
                  | following spells available to memorise: Swiftness,
                  | Airstrike.
     0 | D:1      | Reached XP level 1. HP: 13/13 MP: 2/2
   135 | D:1      | Gained mutation: You sometimes gain a little power by
                  | taking damage. [demonic ancestry]
   135 | D:1      | Reached XP level 2. HP: 20/20 MP: 3/3
   471 | D:1      | Reached skill level 1 in Fighting
   471 | D:1      | Reached skill level 1 in Armour
   474 | D:1      | You fall into a shaft and drop 1 floor!
   548 | D:2      | Found a faded altar of an unknown god.
   679 | D:2      | HP: 1/21 [gnoll/+0 whip (1)]
   680 | D:2      | Slain by a gnoll

Illustrated notes

Levels and vault maps discovered:
D:1:      dpeg_arrival_water_altar, layout_basic, minivault_27
D:2:      layout_basic, shapermc_ecumenical_altar_petra

Skill      XL: |  1  2 |
---------------+-------+-----
Fighting       | 1 |  1.2
Armour         | 1 |  1.0
Polearms       | |  1.4
Dodging        | |  2.6
Stealth        | |  1.0
Spellcasting   | |  1.0
Air Magic      | |  2.9
Invocations    | |  1.2
Evocations     | |  0.4

Action                   || total
-------------------------++-------
Melee: Spear             ||    87
       Punch             ||     1
 Cast: Shock             ||    16
Armor: Ring mail         ||    29
       Leather armour    ||     2
Dodge: Dodged            ||    52

Table legend: (Time is in decaauts)
 A = Elapsed time spent in this place.
 B = Non-inter-level travel time spent in this place.
 C = Inter-level travel time spent in this place.
 D = Time resting spent in this place.
 E = Time spent auto-exploring this place.
 F = Levels seen in this place.
 G = Mean time per level.
                   A        B        C        D        E       F      G
               +--------+--------+--------+--------+--------+-----+--------+
         Total |    683 |    683 |      0 |    171 |    285 |   2 |  341.5 |
       Dungeon |    683 |    683 |      0 |    171 |    285 |   2 |  341.5 |
               +--------+--------+--------+--------+--------+-----+--------+

Top non-repeatable levels by time:
     D:1: 476 daAuts
     D:2: 207 daAuts
